 Dungeon Crawl Stone Soup version 0.30-b1-2-g02819fbbbe (webtiles) character file.

Game seed: 11269716284720041567

138 Alarkh the Insei (level 5, 37/37 HPs)
             Began as a Demonspawn Transmuter on July 6, 2023.
             Got out of the dungeon alive.
             The game lasted 00:02:27 (2433 turns).

Alarkh the Insei (Demonspawn Transmuter)            Turns: 2433, Time: 00:02:28

Health: 37/37      AC:  7    Str: 10    XL:     5   Next: 1%
Magic:  8/8        EV: 12    Int: 16    God:
Gold:   103        SH:  0    Dex: 14    Spells: 4/8 levels left

rFire   . .          .
                       - Unarmed
rCold   . . .        (no shield)
rNeg    . . .        a - +0 robe
rPois   .            (helmet restricted)
rElec   .            b - +1 cloak {Stlth+}
rCorr   .            (no gloves)
SInv    .            (no boots)
Will    .....        (no amulet)
Stlth   ++           (no ring)
HPRegen 0.26/turn    (no ring)
MPRegen 0.11/turn

%: no passive effects
@: no status effects
A: antennae 1, thin metallic scales 2, powered by death 1
a: no special abilities


You escaped.
You visited 1 branch of the dungeon, and saw 3 of its levels.

You collected 103 gold pieces.

Inventory:

Armour
 a - a +0 robe (worn)
 b - a +1 cloak of stealth (worn)
Scrolls
 e - a scroll of teleportation {unknown}
 h - a scroll of identify
 k - 2 scrolls of amnesia
Potions
 c - 2 potions of attraction {unknown}
 d - a potion of flight
 f - a potion of mutation
 g - 2 potions of degeneration {unknown}
 i - a potion of heal wounds {unknown}
 j - a potion of resistance
 l - a potion of curing {unknown}


   Skills:
 - Level 1.0 Fighting
 - Level 1.7 Dodging
 + Level 5.2 Unarmed Combat
 - Level 2.0 Spellcasting
 - Level 1.7 Transmutations


You had 4 spell levels left.
You knew the following spells:

 Your Spells              Type           Power      Damage    Failure   Level
a - Beastly Appendage     Tmut           14%        N/A       10%         1
b - Spider Form           Tmut/Pois      4%         N/A       41%         3

Your spell library contained the following spells:

 Spells                   Type           Power      Damage    Failure   Level
 Wereblood                Tmut           7%         N/A       16%         2
 Dazzling Flash           Conj/Hex       2%         N/A       52%         3
 Volatile Blastmotes      Fire/Tloc      2%         2d10      52%         3
 Ice Form                 Ice/Tmut       4%         N/A       82%         4
 Iskenderun's Mystic Bla  Conj/Tloc      1%         2d3       90%         4
 Starburst                Conj/Fire      0%         6d3       100%        6


Dungeon Overview and Level Annotations

Branches:
Dungeon (3/15)

Altars:


Innate Abilities, Weirdness & Mutations

You have a pair of small antennae on your head.
You are mostly covered in thin metallic scales. (AC +3)
You regenerate a little health from kills.


Message History

Confirm with . or Enter, or press ? or * to list all spells.
You grow a pair of large bovine horns.
Your feet morph into talons.
Unknown command.
No target in view!
No target in view!
No target in view!
No target in view!
No target in view!
A worm is nearby!
The worm bites you!
You hit the worm. You claw the worm. Your headbutt misses the worm.
The worm is severely wounded.
The worm closely misses you.
You hit the worm. You claw the worm.
The worm is severely wounded.
You hit the worm but do no damage. You claw the worm.
You kill the worm!
You have reached level 5!
Your demonic ancestry asserts itself...
The horns on your head shrink a bit. The horns on your head shrink away.
A pair of antennae grows on your head!
Your transformation is almost over.
Your talons disappear.
Found a war axe.
A ball python comes into view.
There is a stone staircase leading up here.
You climb upwards.
There is a stone staircase leading down here.
HP restored.
You see here 3 poisoned darts.
You see here a +0 halberd.
There is a stone staircase leading up, spattered with blood here.
You climb upwards.
There is a stone staircase leading down, spattered with blood here.
Things that are here:
a +0 halberd; a gnoll skeleton You see here a +0 robe.
There is a staircase leading out of the dungeon here.
Are you sure you want to leave the Dungeon?
This will make you lose the game!
You have escaped!

#..........# ♣.......♣ #......#
...........# ♣.......♣##......#
#..........# ♣..♣.♣.....).....#
.#........#####♣...⌠............#
.#.............♣..♣.♣[...#......#
.#........####.♣♣......♣#########
.#.####.#### #.♣#......♣ .#.#
#....# #.♣....[.♣♣ .#.# #....#
#.♣@.♣..♣♣ ##.# #....# #.#♣♣#♣♣♣
...####.#### #.# .#......# #.#
.######## #.# .# #.########## .#
#.....##...# .#######
#####.##.#.# .......# #....#.#


There were no monsters in sight!

Vanquished Creatures
  Crazy Yiuf (D:2)
  3 adders (D:2)
  3 gnolls
  A worm (D:3)
  2 dart slugs (D:1)
  2 ball pythons
  4 bats
  8 endoplasms
  3 giant cockroaches
  A goblin (D:1)
  A hobgoblin (D:2)
  6 jackals
  3 quokkas
  2 frilled lizards
  3 kobolds
  4 rats
47 creatures vanquished.

Vanquished Creatures (others)
  2 fungi (D:2)
2 creatures vanquished.

Grand Total: 49 creatures vanquished

Notes
Turn   | Place    | Note
-------+----------+-------------------------------------------
     0 | D:1      | Alarkh the Demonspawn Transmuter began the quest for the
                  | Orb.
     0 | D:1      | Reached XP level 1. HP: 15/15 MP: 3/3
    69 | D:1      | Reached skill level 3 in Unarmed Combat
   100 | D:1      | Gained mutation: You regenerate a little health from kills.
                  | [demonic ancestry]
   100 | D:1      | Reached XP level 2. HP: 13/21 MP: 3/5
   592 | D:1      | Gained mutation: You are partially covered in thin metallic
                  | scales. (AC +2) [demonic ancestry]
   592 | D:1      | Reached XP level 3. HP: 23/26 MP: 6/6
   596 | D:1      | Learned a level 3 spell: Spider Form
   772 | D:1      | Found a faded altar of an unknown god.
  1056 | D:2      | Reached skill level 4 in Unarmed Combat
  1311 | D:2      | Gained mutation: You are mostly covered in thin metallic
                  | scales. (AC +3) [demonic ancestry]
  1311 | D:2      | Reached XP level 4. HP: 32/32 MP: 5/7
  1917 | D:2      | Found a runed translucent door.
  1918 | D:2      | Noticed Crazy Yiuf
  2129 | D:2      | Killed Crazy Yiuf
  2130 | D:2      | Reached skill level 5 in Unarmed Combat
  2329 | D:3      | Lost mutation: You have a pair of horns on your head.
                  | [demonic ancestry]
  2329 | D:3      | Lost mutation: You have a pair of small horns on your head.
                  | [demonic ancestry]
  2329 | D:3      | Gained mutation: You have a pair of small antennae on your
                  | head. [demonic ancestry]
  2329 | D:3      | Reached XP level 5. HP: 29/37 MP: 6/8
  2433 | D:$      | Got out of the dungeon alive.

Illustrated notes

Levels and vault maps discovered:
D:1:      amcnicky_arrival_underground_garden, layout_basic,
          shapermc_ecumenical_altar_ellora
D:2:      layout_loops_ring, uniq_crazy_yiuf_cottage
D:3:      layout_loops_cross, ebering_ghost_reflecting_pool, uniq_terence,
          uniq_sigmund, uniq_jessica

Skill      XL: |  1  2  3  4 |
---------------+-------------+-----
Unarmed Combat | 3 4 5 |  5.2
Fighting       | |  1.0
Dodging        | |  1.7
Spellcasting   | |  2.0
Transmutations | |  1.7

Action                     |  1- 3 |  4- 6 || total
---------------------------+-------+-------++-------
  Melee: Unarmed           |   101 |    46 ||   147
         Kick              |    17 |     9 ||    26
         Punch             |     2 |       ||     2
         Headbutt          |     4 |     6 ||    10
   Cast: Beastly Appendage |    17 |    12 ||    29
    Use: Potion            |     1 |     1 ||     2
         Scroll            |       |     3 ||     3
   Stab: Sleeping          |     1 |     3 ||     4
 Armour: Robe              |    28 |     7 ||    35
         Skin              |       |     1 ||     1
  Dodge: Dodged            |    77 |    19 ||    96
